 Dungeon Crawl Stone Soup version 0.14-a0-3350-g14ab857 (webtiles) character file.

5372 MrRokkomies the Martial Artist (level 10, 0/74 HPs)
             Began as a Demonspawn Transmuter on Mar 17, 2014.
             Was a Follower of Ashenzari.
             Slain by an unseen horror (8 damage)
             ... on Level 11 of the Dungeon on Mar 18, 2014.
             The game lasted 00:49:56 (10667 turns).

MrRokkomies the Martial Artist (DsTm)              Turns: 10667, Time: 00:49:56

HP   0/74        AC 12     Str 11      XL: 10   Next: 33%
MP  25/25        EV 14     Int 17      God: Ashenzari [*.....]
Gold 238         SH 10     Dex 14      Spells:  3 memorised,  4 levels left

rFire  . . .     SeeInvis .     w - +0 blowgun
rCold  . . .     Clarity  .     D - +0 leather armour (curse)
rNeg   . . .     Conserve .     K - +0 buckler (curse)
rPois  .         rCorr    .     (no helmet)
rElec  .         rRot     .     m - +0 cloak (curse)
SustAb . .       Spirit   .     c - +0 pair of gloves
rMut   .         Warding  .     (no boots)
Saprov . . .     Stasis   .     (no amulet)
MR     .....                    v - ring of magical power
                                t - +5 ring of protection

@: not resistant to hostile enchantments, very unstealthy
A: hooves 2, rugged brown scales 2, demonic guardian 2, powered by pain 1
a: Renounce Religion


You were on level 11 of the Dungeon.
You worshipped Ashenzari.
Ashenzari was aware of your devotion.
You were not hungry.

You visited 1 branch of the dungeon, and saw 11 of its levels.

You collected 368 gold pieces.
You spent 130 gold pieces at shops.

Inventory:

Hand weapons
 w - a +0 blowgun (weapon)
 C - the cursed +4,+1 sling of Ambiguity {venom, Str+1 Stlth-}
   (You bought it in a shop on level 6 of the Dungeon)

   It poisons the ammo it fires.
   It affects your strength (+1).
   It makes you less stealthy.
   It has a curse placed upon it.
 L - the +5,+7 war axe of Qaheudyph {chop, rF+ rC+}
   (You found it on level 7 of the Dungeon)

   It inflicts extra damage upon your enemies.
   It protects you from fire.
   It protects you from cold.
Missiles
 e - 88 poisoned needles (quivered)
 n - 21 sling bullets
 I - 6 javelins
Armour
 b - a +0 robe of positive energy
 c - a +0 pair of gloves (worn)
 m - a cursed +0 cloak (worn)
 D - a cursed +0 leather armour (worn)
 K - a cursed +0 buckler (worn)
Magical devices
 g - a wand of flame (5)
 o - a wand of invisibility (0)
 u - a wand of hasting (1)
 O - a wand of random effects (12)
 R - a wand of digging (3)
Comestibles
 a - 6 bread rations
 j - 4 meat rations
 l - 4 honeycombs
 Q - a royal jelly
Scrolls
 i - 3 scrolls of vulnerability
 k - a scroll of holy word {unknown}
 q - 2 scrolls of enchant armour
 y - 5 scrolls of fear
 z - a scroll of curse weapon
 A - a scroll of enchant weapon II {unknown}
 F - a scroll of blinking
 G - 2 scrolls of identify
 H - a scroll of magic mapping
 J - 4 scrolls of teleportation {unknown}
 M - a scroll of immolation {unknown}
Jewellery
 t - a +5 ring of protection (left hand)
 v - a ring of magical power (right hand)
Potions
 f - 4 potions of curing
 h - a potion of flight
 p - a potion of might
 r - a potion of resistance
 s - a potion of restore abilities {unknown}
 x - 2 potions of cure mutation
 N - a potion of confusion {unknown}
Books
 d - a book of Changes

   Spells                             Type                      Level
   *Beastly Appendage                 Transmutation                1
   Sticks to Snakes                   Transmutation                2
   *Spider Form                       Transmutation/Poison         3
   Ice Form                           Ice/Transmutation            4
   *Blade Hands                       Transmutation                5
Magical staves
 E - an uncursed staff of power


   Skills:
 * Level 3.9 Fighting
 * Level 6.2 Dodging
 - Level 3.8 Shields
 - Level 10.3 Unarmed Combat
 - Level 2.0 Spellcasting
 - Level 6.0 Transmutations


You had 4 spell levels left.
You knew the following spells:

 Your Spells              Type           Power        Failure   Level  Hunger
a - Beastly Appendage     Trmt           ###...       1%          1    #......
b - Spider Form           Trmt/Pois      ##........   17%         3    ####...
c - Blade Hands           Trmt           ###.......   45%         5    ######.


Dungeon Overview and Level Annotations

Branches:
Dungeon (11/15)            Temple (0/1) D:6             Orc (0/4) D:9
   Lair (0/8) D:11

Altars:
Ashenzari
Elyvilon
Sif Muna
Zin
The Shining One

Shops:
D:6 (

Annotations:
D:5 marcus' ghost, average LOAK
D:9 Gastronok
D:10 Urug


Innate Abilities, Weirdness & Mutations

You have hoof-like feet.*
You are mostly covered in rugged brown scales (AC +2, +5% HP).*
A demonic guardian rushes to your aid.
You sometimes gain a little power by taking damage.


Message History

* * * LOW HITPOINT WARNING * * *
Firing (i - inventory. (,) - cycle):
e - 93 poisoned needles (quivered)
Press: ? - help, Shift-Dir - straight line You shoot a poisoned needle.
The poisoned needle hits something.
Something barely misses you. Something closely misses you.
Firing (i - inventory. (,) - cycle):
e - 92 poisoned needles (quivered)
Press: ? - help, Shift-Dir - straight line You shoot a poisoned needle.
Something hits you.
* * * LOW HITPOINT WARNING * * *
Firing (i - inventory. (,) - cycle):
e - 91 poisoned needles (quivered)
Press: ? - help, Shift-Dir - straight line You shoot a poisoned needle.
Something barely misses you.
Firing (i - inventory. (,) - cycle):
e - 90 poisoned needles (quivered)
Press: ? - help, Shift-Dir - straight line You shoot a poisoned needle.
The poisoned needle hits something.
You block its attack.
Firing (i - inventory. (,) - cycle):
e - 89 poisoned needles (quivered)
Press: ? - help, Shift-Dir - straight line You shoot a poisoned needle.
Something hits you!
You die...

#.#.#.###.#
#.......#
##.#.#.##.#
#..##.#.#
..#.#.#.#.#
#..#.##.#
##.#.#.##.###
#..##.#.####
#.#.#.#.....#
#..#.##....#
.###.###..#.###
#.......##.#
.)####........#
#.########.#
)())..........###.#
#.#
#########(....({@.#
#.# # #.....#####
#.# ####### #.....#
#.##
(.....###.#####
####..#
#####.#....#
#.....#
......#.#..#####..
#.#####
..................
#.#
......##)#######..
#.# #####.##)# #.#


There were no monsters in sight!

Vanquished Creatures
  Sonja (D:11)
  2 hippogriffs
  A hungry ghost (D:11)
  2 necrophages
  2 phantoms
  2 centaurs
  A sky beast (D:9)
  2 ice beasts
  2 ogres
  3 big kobolds
  2 giant frogs
  3 scorpions
  A yak zombie (D:11)
  16 killer bees
  6 wights
  A centaur zombie (D:11)
  2 crimson imps
  A goliath beetle (D:11)
  A quasit (D:6)
  Crazy Yiuf (D:2)
  6 orc priests
  A giant frog skeleton (D:8)
  2 hounds
  9 orc wizards
  2 worker ants
  An iguana (D:11)
  A sheep (D:9)
  A sky beast zombie (D:7)
  An ogre skeleton (D:8)
  A hound zombie (D:11)
  8 gnolls
  A worm zombie (D:9)
  A shadow imp (D:6)
  10 adders
  A goliath beetle zombie (D:11)
  2 inept item mimics
  3 giant mites
  2 worms
  An iguana skeleton (D:9)
  A giant eyeball (D:4)
  6 giant geckos
  2 oozes
  41 orcs
  4 ball pythons
  16 bats
  4 giant cockroaches
  11 goblins
  11 hobgoblins
  4 jackals
  20 kobolds
  3 quokkas
  7 giant newts
  2 giant spores
  A jackal zombie (D:6)
  A quokka zombie (D:6)
  17 rats
  5 ballistomycetes
262 creatures vanquished.

Vanquished Creatures (collateral kills)
  A cyclops (D:11)
  A troll (D:11)
  Edmund (D:7)
  An ice beast (D:10)
  2 ogres (D:6)
  A black bear (D:11)
  A giant frog (D:8)
  3 killer bees (D:11)
  A hound (D:6)
  Jessica (D:2)
  A giant mite (D:6)
  An orc (D:4)
  A bat (D:7)
  A kobold (D:11)
17 creatures vanquished.

Vanquished Creatures (others)
  A sun demon (D:10)
  A soul eater (D:11)
  2 crimson imps (D:4)
  5 iron imps
  5 quasits
  2 white imps
  4 ufetubi
  A giant spore (D:11)
21 creatures vanquished.

Grand Total: 300 creatures vanquished

Notes
Turn   | Place    | Note
--------------------------------------------------------------
     0 | D:1      | MrRokkomies, the Demonspawn Transmuter, began the quest for the Orb.
     0 | D:1      | Reached XP level 1. HP: 15/15 MP: 3/3
   276 | D:1      | Reached skill level 3 in Unarmed Combat
   407 | D:1      | Lost mutation: You have claws for feet. [demonic ancestry]
   407 | D:1      | Lost mutation: You have razor-sharp toenails. [demonic ancestry]
   407 | D:1      | Lost mutation: You have sharp toenails. [demonic ancestry]
   407 | D:1      | Gained mutation: You have large cloven feet. [demonic ancestry]
   407 | D:1      | Reached XP level 2. HP: 8/21 MP: 2/4
  1180 | D:1      | Gained mutation: A weak demonic guardian rushes to your aid. [demonic ancestry]
  1180 | D:1      | Reached XP level 3. HP: 12/26 MP: 4/6
  1376 | D:2      | Learned a level 3 spell: Spider Form
  1406 | D:2      | Reached skill level 4 in Unarmed Combat
  1638 | D:2      | Noticed Jessica
  1654 | D:2      | Killed Jessica
  1654 | D:2      | Gained mutation: You have hoof-like feet. [demonic ancestry]
  1654 | D:2      | Reached XP level 4. HP: 22/32 MP: 5/7
  1719 | D:2      | Noticed Crazy Yiuf
  1733 | D:2      | Killed Crazy Yiuf
  1910 | D:2      | Found a shattered altar of Ashenzari.
  1925 | D:2      | Became a worshipper of Ashenzari the Shackled
  2451 | D:3      | Gained mutation: You sometimes gain a little power by taking damage. [demonic ancestry]
  2451 | D:3      | Reached XP level 5. HP: 37/37 MP: 9/9
  3035 | D:4      | Reached skill level 5 in Unarmed Combat
  3129 | D:4      | Reached XP level 6. HP: 25/43 MP: 10/10
  3714 | D:4      | Gained mutation: You are partially covered in rugged brown scales (AC +1, +3% HP). [demonic ancestry]
  3714 | D:4      | Reached XP level 7. HP: 27/49 MP: 12/12
  3920 | D:4      | Reached skill level 6 in Unarmed Combat
  4188 | D:4      | Paralysed by a giant eyeball for 3 turns
  4195 | D:4      | Paralysed by a giant eyeball for 2 turns
  4267 | D:5      | Entered Level 5 of the Dungeon
  4267 | D:5      | Noticed marcus' ghost (average LOAK)
  4312 | D:6      | Reached skill level 5 in Transmutations
  4338 | D:6      | Found a staircase to the Ecumenical Temple.
  4418 | D:6      | Found Jehiubriutz's Antique Weapon Boutique.
  4487 | D:6      | Bought a twisted sling for 130 gold pieces
  4919 | D:6      | Reached skill level 7 in Unarmed Combat
  4919 | D:6      | Reached XP level 8. HP: 31/55 MP: 13/13
  5406 | D:7      | Found a glowing silver altar of Zin.
  5419 | D:7      | Found a deep blue altar of Sif Muna.
  5598 | D:7      | Noticed Edmund
  5609 | D:7      | Killed Edmund
  5609 | D:7      | Reached skill level 1 in Shields
  5609 | D:7      | Reached skill level 8 in Unarmed Combat
  5738 | D:7      | Got the war axe of Qaheudyph {chop, rF+ rC+}
  6219 | D:8      | Upgraded the game from 0.14-a0-3345-g9255d23 to 0.14-a0-3350-g14ab857
  6321 | D:8      | Found a white marble altar of Elyvilon.
  6481 | D:8      | Found a glowing golden altar of the Shining One.
  6577 | D:8      | Reached skill level 9 in Unarmed Combat
  6742 | D:8      | Gained mutation: A demonic guardian rushes to your aid. [demonic ancestry]
  6742 | D:8      | Reached XP level 9. HP: 58/60 MP: 14/14
  7945 | D:9      | Found a staircase to the Orcish Mines.
  7993 | D:9      | Noticed Gastronok
  8105 | D:10     | Entered Level 10 of the Dungeon
  8430 | D:10     | Reached skill level 10 in Unarmed Combat
  8486 | D:10     | Noticed Urug
  8517 | D:10     | HP: 2/60 [Urug/ javelin of penetration (16)]
  9533 | D:11     | Noticed Sonja
  9621 | D:11     | Killed Sonja
  9663 | D:11     | Gained mutation: You are mostly covered in rugged brown scales (AC +2, +5% HP). [demonic ancestry]
  9663 | D:11     | Reached XP level 10. HP: 60/72 MP: 16/16
  9967 | D:11     | Reached skill level 5 in Dodging
  9991 | D:11     | Noticed a cyclops
 10003 | D:11     | Killed a cyclops
 10230 | D:11     | Learned a level 5 spell: Blade Hands
 10507 | D:11     | Found a staircase to the Lair.
 10667 | D:11     | Slain by an unseen horror

Action                   |  1- 3 |  4- 6 |  7- 9 | 10-12 || total
-------------------------+-------+-------+-------+-------++-------
Melee: Unarmed           |   123 |   278 |   524 |   140 ||  1065
 Fire: Blowgun           |       |       |    48 |    18 ||    66
Throw: Tomahawk          |       |       |     3 |       ||     3
       Javelin           |       |       |    11 |     3 ||    14
 Cast: Beastly Appendage |     8 |    13 |    13 |     9 ||    43
       Spider Form       |       |     1 |    11 |     3 ||    15
 Abil: End Transformatio |       |       |     2 |       ||     2
Evoke: Wand              |       |     2 |     4 |     1 ||     7
  Use: Scroll            |     5 |     3 |    10 |     1 ||    19
       Potion            |       |     1 |     4 |     1 ||     6
 Stab: Invisible         |       |     1 |     4 |       ||     5
       Distracted        |       |       |     2 |       ||     2
